 Dungeon Crawl Stone Soup version 0.30-a0-177-g1cb5dbfd7a (webtiles) character file.

Game seed: 3152953507924099074

67 Flugkiller the Trooper (level 3, 0/29 HPs)
             Began as a Mummy Artificer on Oct 2, 2022.
             Slain by Natasha (5 damage)
             ... on level 2 of the Dungeon.
             The game lasted 00:02:46 (1431 turns).

Flugkiller the Trooper (Mummy Artificer)            Turns: 1431, Time: 00:02:47

Health: 0/29       AC:  3    Str: 17    XL:     3   Next: 98%
Magic:  0/3        EV: 11    Int: 10    God:
Gold:   75         SH:  0    Dex: 12    Spells: 2/2 levels left

rFire   x . .      SeeInvis .    h - +1 dagger (freeze)
rCold   + . .      Faith    +    (no shield)
rNeg    + + +      Spirit   +    b - +0 leather armour
rPois   ∞          Reflect  .    (no helmet)
rElec   .          Harm     .    (no cloak)
rCorr   .          Rampage  .    (no gloves)
Will    .....                    (no boots)
Stlth   +.........               f - amulet of guardian spirit
HPRegen 0.24/turn                (no ring)
MPRegen 0.08/turn                (no ring)

@: no status effects
A: cold resistance 1, negative energy resistance 3, torment resistance 2, heat
vulnerability 1, in touch with death 1, no potions, faith
a: no special abilities


You were on level 2 of the Dungeon.
You visited 1 branch of the dungeon, and saw 2 of its levels.

You collected 75 gold pieces.

Inventory:

Hand Weapons
 a - a +0 club
 g - a +0 short sword
   (You took it off a kobold on level 1 of the Dungeon)
 h - a +1 dagger of freezing (weapon)
   (You took it off a goblin on level 1 of the Dungeon)
Armour
 b - a +0 leather armour (worn)
 i - a +0 ring mail
   (You found it on level 1 of the Dungeon)
Magical Staves
 j - a staff of conjuration
   (You found it on level 1 of the Dungeon)
Jewellery
 f - an amulet of guardian spirit (around neck)
   (You took it off a hobgoblin on level 1 of the Dungeon)
 o - an amulet of magic regeneration
   (You found it on level 2 of the Dungeon)
Wands
 c - a wand of flame (11) (quivered)
 d - a wand of charming (15)
 e - a wand of iceblast (5)
Scrolls
 m - a scroll of torment {unknown}
 n - a scroll of enchant weapon {unknown}
 r - a scroll of identify


   Skills:
 + Level 3.3 Fighting
 - Level 1.5 Armour
 - Level 0.7 Dodging
 - Level 0.7 Stealth
 - Level 3.0 Evocations


You had 2 spell levels left.
You didn't know any spells.
Your spell library contained the following spells:

 Spells                   Type           Power      Damage    Failure   Level
 Necrotise                Necr           0%         1d4       41%         1
 Vampiric Draining        Necr           0%         2d6       80%         3
 Agony                    Necr           0%         N/A       100%        5


Dungeon Overview and Level Annotations

Branches:
Dungeon (2/15) Zot: 10560

Altars:

Shops:
D:1 :

Annotations:
D:2 Natasha


Innate Abilities, Weirdness & Mutations

You are immune to poison.
Your flesh is cold resistant. (rC+)
You are immune to negative energy. (rN+++)
You are immune to unholy pain and torment.
You are vulnerable to heat. (rF-)
You are in touch with the powers of death.
You do not drink.
You have a special connection with the divine. (Faith)


Message History

The jackal is heavily wounded.
The jackal barely misses you.
You hit the jackal but do no damage. Your punch misses the jackal.
The jackal is heavily wounded.
The jackal closely misses you.
The jackal bites you but does no damage.
You barely miss the jackal.
The jackal is heavily wounded.
The jackal bites you.
You hit the jackal. You freeze the jackal.
You kill the jackal!
No target in view!
No target in view!
An adder is nearby!
An adder is nearby!
The adder hisses angrily.
The adder misses you. The adder barely misses you.
You hit the adder.
The adder seems to slow down.
You freeze the adder.
The adder is lightly wounded.
The adder bites you.
You barely miss the adder.
The adder is lightly wounded.
You miss the adder.
The adder is lightly wounded.
The adder barely misses you.
You hit the adder but do no damage.
The adder is lightly wounded.
The adder closely misses you.
You hit the adder.
The adder seems to slow down.
You freeze the adder.
The adder is severely wounded.
The adder bites you.
You barely miss the adder.
The adder is severely wounded.
The adder bites you.
You miss the adder.
The adder is severely wounded.
The adder is no longer moving slowly.
The adder bites you but does no damage.
You miss the adder.
The adder is severely wounded.
The adder bites you but does no damage.
You hit the adder.
The adder seems to slow down.
You freeze the adder.
The adder is almost dead.
The adder closely misses you.
You closely miss the adder.
The adder is almost dead.
The adder is no longer moving slowly.
The adder barely misses you.
You hit the adder.
The adder seems to slow down.
You freeze the adder.
You kill the adder!
You start resting.
HP restored.
Found a stone staircase leading down.
Found a stone staircase leading down.
There is a stone staircase leading down here.
Natasha hisses angrily.
There is a stone staircase leading down here.
There is a stone staircase leading down here.
Found a falchion.
Natasha misses you.
You hit Natasha but do no damage. Natasha claws you but does no damage.
You closely miss Natasha. Natasha claws you.
You barely miss Natasha. Natasha closely misses you.
You hit Natasha but do no damage. Natasha claws you.
You completely miss Natasha. Natasha closely misses you.
You miss Natasha.
Natasha mumbles some strange words.
You completely miss Natasha. Natasha claws you but does no damage.
The crimson imp hits you.
You completely miss Natasha.
Natasha extends her claws.
Natasha claws you!
The crimson imp hits you but does no damage.
You closely miss Natasha. Natasha claws you.
* * * LOW HITPOINT WARNING * * *
The crimson imp closely misses you.
Unknown command.
Unknown command.
Unknown command.
Unknown command.
Unknown command.
Unknown command.
Aiming: Throw Flame
Press: ? - help, Shift-Dir - straight line, f - Natasha
Aim: Natasha (64% to hit)
The puff of flame hits Natasha.
Natasha is moderately wounded.
Natasha claws you.
* * * LOW HITPOINT WARNING * * *
The crimson imp closely misses you.
Aiming: Throw Flame
Press: ? - help, Shift-Dir - straight line, f/p - Natasha
Aim: Natasha (moderately wounded, 64% to hit)
The puff of flame misses Natasha.
Natasha claws you but does no damage. The crimson imp closely misses you.
Okay, then.
Aiming: Throw Flame
Press: ? - help, Shift-Dir - straight line, f/p - Natasha
Aim: Natasha (moderately wounded, 64% to hit)
The puff of flame hits Natasha.
Natasha is heavily wounded.
Natasha claws you.
You die...

#..###.##..... #.............
#.####.##..)..
####.####.##..... . #
#.......#........ ..#)
#.......####..... ##...
#.......# #..#..
......##5......# #..#.#
#>h@.......# #.....
#....##.......# ##.#.# #...
........# ##.#.. ..#.
##..###.## #..#.. . # # #..#
#.# #.###. .. #[. #..# #.# #.#
## ..### .###...#
#..###.#####.#### #...
....#..###..##............
...###...#...........#####.....


You could see Natasha and a crimson imp (summoned).

Vanquished Creatures
  A gnoll (D:1)
  An adder (D:2)
  2 worms (D:2)
  5 bats (D:1)
  3 endoplasms (D:1)
  A giant cockroach (D:2)
  3 goblins (D:1)
  5 hobgoblins
  6 jackals
  2 quokkas (D:1)
  4 ball pythons
  2 kobolds (D:1)
  2 rats
37 creatures vanquished.

Vanquished Creatures (others)
  8 plants (D:1)
8 creatures vanquished.

Grand Total: 45 creatures vanquished

Notes
Turn   | Place    | Note
-------+----------+-------------------------------------------
     0 | D:1      | Flugkiller the Mummy Artificer began the quest for the Orb.
     0 | D:1      | Reached XP level 1. HP: 15/15 MP: 1/1
   143 | D:1      | Reached XP level 2. HP: 13/22 MP: 2/2
   525 | D:1      | Found Zony's Book Shop.
   655 | D:1      | Gained mutation: You are in touch with the powers of death.
                  | [Mummy growth]
   655 | D:1      | Reached XP level 3. HP: 26/29 MP: 3/3
  1128 | D:2      | Noticed Natasha
  1431 | D:2      | Slain by Natasha

Illustrated notes

Levels and vault maps discovered:
D:1:      minmay_arrival_glassed_features, layout_basic, serial_shops,
          nicolae_shop_stone, serial_forest, infiniplex_forest_zigzag_1,
          infiniplex_forest_end_1, infiniplex_forest_lined_3,
          infiniplex_forest_lined_3, infiniplex_forest_clump_medium,
          infiniplex_forest_clump_diagonal, infiniplex_forest_clump_small
D:2:      layout_loops_ring, nicolae_titane, uniq_natasha

Skill      XL: |  1  2  3 |
---------------+----------+-----
Fighting       | 2 3 |  3.3
Evocations     | 3 |  3.0
Armour         | |  1.5
Dodging        | |  0.7
Stealth        | |  0.7

Action                   || total
-------------------------++-------
Melee: Club              ||    30
       Short sword       ||    20
       Dagger            ||   155
       Punch             ||     1
Evoke: Wand              ||     4
  Use: Scroll            ||     2
Armor: Leather armour    ||    59
Dodge: Dodged            ||   131

Table legend: (Time is in decaauts)
 A = Elapsed time spent in this place.
 B = Non-inter-level travel time spent in this place.
 C = Inter-level travel time spent in this place.
 D = Time resting spent in this place.
 E = Time spent auto-exploring this place.
 F = Levels seen in this place.
 G = Mean time per level.
                   A        B        C        D        E       F      G
               +--------+--------+--------+--------+--------+-----+--------+
         Total |   1438 |   1417 |     21 |    304 |    641 |   2 |  719.0 |
       Dungeon |   1438 |   1417 |     21 |    304 |    641 |   2 |  719.0 |
               +--------+--------+--------+--------+--------+-----+--------+

Top non-repeatable levels by time:
     D:1: 856 daAuts
     D:2: 582 daAuts
